 Dungeon Crawl Stone Soup version 0.30.0-30-g96aa6591b8 (webtiles) character file.

Game seed: 16295732326105710980

114 7w4c the Conjurer (level 5, -1/38 HPs)
             Began as a Human Wanderer on June 29, 2023.
             Was an Initiate of Okawaru.
             Killed by divine providence
             ... invoked by an orc priest
              (9 damage)
             ... on level 3 of the Dungeon.
             The game lasted 00:11:47 (2008 turns).

7w4c the Conjurer (Human Wanderer)                  Turns: 2008, Time: 00:11:47

Health: -1/38      AC:  8    Str: 10    XL:     5   Next: 18%
Magic:  8/8        EV:  5    Int: 15    God:    Okawaru [......]
Gold:   100        SH:  0    Dex: 14    Spells: 8/8 levels left

rFire   . . .        f - +0 arbalest
rCold   . . .        (shield currently unavailable)
rNeg    . . .        g - +0 chain mail
rPois   .            (no helmet)
rElec   .            (no cloak)
rCorr   .            (no gloves)
SInv    .            (no boots)
Will    .....        (no amulet) Stlth
                     (no ring)
HPRegen 0.26/turn    (no ring)
MPRegen 0.11/turn

%: no passive effects
@: brilliant
A: no striking features
a: Renounce Religion


You were on level 3 of the Dungeon.
You worshipped Okawaru.
Okawaru was noncommittal.
You visited 1 branch of the dungeon, and saw 3 of its levels.

You collected 100 gold pieces.

Inventory:

Hand Weapons
 a - a +1 mace
 f - a +0 arbalest (weapon)
Missiles
 h - 14 stones
Armour
 g - a +0 chain mail (worn)
Magical Staves
 n - a staff of air
Scrolls
 b - a scroll of fear
 l - a scroll of vulnerability
 o - a scroll of teleportation
 p - a scroll of amnesia {unknown}
 q - a scroll of identify
Potions
 d - 2 potions of degeneration {unknown}
 e - a potion of curing {unknown}
 i - a potion of flight {unknown}
 k - a potion of magic {unknown}
 m - a potion of berserk rage {unknown}
 r - a potion of ambrosia {unknown}


   Skills:
 + Level 2.0 Fighting
 + Level 1.7 Maces & Flails
 + Level 2.5 Ranged Weapons
 + Level 0.2 Armour
 + Level 0.5 Dodging
 + Level 2.1 Stealth
 + Level 2.3 Spellcasting
 + Level 3.3 Conjurations
 + Level 1.0 Evocations


You had 8 spell levels left.
You didn't know any spells.
Your spell library contained the following spells:

 Spells                   Type           Power      Damage    Failure   Level
 Foxfire                  Conj/Fire      40%        2x1d6     99%         1
 Kiss of Death            Conj/Necr      40%        2d8       99%         1
 Mephitic Cloud           Conj/Pois/Air  7%         N/A       100%        3


Dungeon Overview and Level Annotations

Branches:
Dungeon (3/15)

Altars:
Okawaru

Annotations:
D:3 Grinder


Message History

* * * LOW HITPOINT WARNING * * *
Your Fighting skill increases to level 2!
You have reached level 5!
You shoot a bolt. The bolt hits the orc!
You kill the orc!
Okawaru accepts your kill. The orc hits you with a +0 short sword.
* * * LOW HITPOINT WARNING * * *
You shoot a bolt. The bolt closely misses the orc.
The bolt hits the orc!
You kill the orc!
Okawaru accepts your kill. The orc hits you but does no damage.
The orc hits you with a +0 short sword.
* * * LOW HITPOINT WARNING * * *
The orc hits you but does no damage.
Blink to where?
Press: ? - help, Dir - move target, p - orc
As you read the scroll of blinking, it crumbles to dust.
Fire: f) +0 arbalest
Press: ? - help, Q - select action, (/) - cycle Shift-Dir - straight line, f - orc
Aim: an orc, wielding a +0 short sword and wearing a +0 chain mail (62% to hit)
You shoot a bolt. The bolt hits the orc!
You kill the orc!
Okawaru accepts your kill.
The orc priest begins to cast a cantrip, but forgets the words!
Fire: f) +0 arbalest
Press: ? - help, Q - select action, (/) - cycle Shift-Dir - straight line, f - orc priest
Aim: an orc priest, wielding a +0 flail (54% to hit)
You shoot a bolt. The bolt closely misses the orc priest.
Fire: f) +0 arbalest
Press: ? - help, Q - select action, (/) - cycle Shift-Dir - straight line, f/p - orc priest
Aim: an orc priest, wielding a +0 flail (54% to hit)
You shoot a bolt. The bolt hits the orc priest!
The orc priest is heavily wounded.
The orc priest barely misses you.
The orc priest hits you but does no damage.
You shoot a bolt. The bolt hits the orc priest.
The orc priest is almost dead.
The orc priest mumbles some strange prayers to Beogh against you.
Beogh smites you!
You die...

#####..# #.....##
##.##### #...#### ###
## ###....#####
#.##..#
####.....###.....
#####.....#
###......############
##....###.@o.).)).....
###..#.##
#############.
#......# #.<#####
#..## ###


You could see an orc priest.

Vanquished Creatures
  An orc wizard (D:3)
  Robin (D:2)
  3 adders (D:2)
  A dart slug (D:1)
  3 orcs (D:3)
  4 bats
  4 endoplasms
  2 giant cockroaches (D:1)
  4 hobgoblins (D:2)
  5 ball pythons
  A frilled lizard (D:1)
  11 goblins
  2 kobolds (D:2)
  3 rats
45 creatures vanquished.

Notes
Turn   | Place    | Note
-------+----------+-------------------------------------------
     0 | D:1      | 7w4c the Human Wanderer began the quest for the Orb.
     0 | D:1      | 7w4c set off with the following items: a +1 mace, a scroll
                  | of fear, a +0 robe; and the following spells available to
                  | memorise: Foxfire, Kiss of Death, Mephitic Cloud.
     0 | D:1      | Reached XP level 1. HP: 15/15 MP: 3/3
   209 | D:1      | Reached XP level 2. HP: 17/21 MP: 5/5
   728 | D:1      | Reached XP level 3. HP: 26/26 MP: 6/6
  1174 | D:2      | Found an iron altar of Okawaru.
  1182 | D:2      | Became a worshipper of Warmaster Okawaru
  1324 | D:2      | Noticed Robin
  1330 | D:2      | Reached skill level 1 in Ranged Weapons
  1337 | D:2      | Killed Robin
  1338 | D:2      | Reached XP level 4. HP: 26/32 MP: 7/7
  1972 | D:3      | Noticed Grinder
  2001 | D:3      | Reached XP level 5. HP: 8/38 MP: 8/8
  2008 | D:3      | Killed from afar by an orc priest

Illustrated notes

Levels and vault maps discovered:
D:1:      sevenhm_arrival_forest_fort_small_4, layout_loops_corners,
          minmay_small_reverse_x
D:2:      layout_basic, serial_forest, infiniplex_forest_clump_double,
          infiniplex_forest_clump_diagonal, infiniplex_forest_clump_small,
          infiniplex_forest_corner_2, infiniplex_forest_straight_2,
          infiniplex_forest_clump_tiny, infiniplex_forest_end_2,
          infiniplex_forest_clump_medium, basic_altar, uniq_robin
D:3:      layout_rooms, palyth_temple_overflow_mages,
          nicolae_elyvilon_peaceful_grove, nrook_uturn, uniq_grinder

Skill      XL: |  1  2  3  4 |
---------------+-------------+-----
Ranged Weapons | 1 2 |  2.5
Fighting       | 2 |  2.0
Maces & Flails | |  1.7
Armour         | |  0.2
Dodging        | |  0.5
Stealth        | |  2.1
Spellcasting   | |  2.3
Conjurations   | |  3.3
Evocations     | |  1.0

Action                     |  1- 3 |  4- 6 || total
---------------------------+-------+-------++-------
  Melee: Mace              |    23 |       ||    23
   Fire: Arbalest          |    37 |    32 ||    69
    Use: Scroll            |     6 |     4 ||    10
         Potion            |       |     1 ||     1
   Stab: Sleeping          |     2 |       ||     2
 Armour: Robe              |    13 |       ||    13
         Chain mail        |    15 |    22 ||    37
  Dodge: Dodged            |    36 |     8 ||    44
